 Dungeon Crawl Stone Soup version 0.25-a0-731-g0472a16d6a (webtiles) character file.

Game seed: 10032001124063904923, levelgen mode: deterministic

3458 tilp the Chopper (level 10, -7/77 HPs)
             Began as a Gnoll Wanderer on Apr 8, 2020.
             Was a Priest of Cheibriados.
             Mangled by an orc knight
             ... wielding a +0 war axe
              (19 damage)
             ... in a bailey.
             The game lasted 00:18:22 (7637 turns).

tilp the Chopper (Gnoll Wanderer)                   Turns: 7637, Time: 00:18:23

Health: -7/77      AC: 15    Str: 25    XL:     10   Next: 6%
Magic:  26/26      EV:  8    Int: 25    God:    Cheibriados [***...]
Gold:   465        SH: 11    Dex: 21    Spells: 18/18 levels left

rFire    . . .     SeeInvis .   g - +0 war axe
rCold    . . .     Gourm    .   A - +0 kite shield
rNeg     . . .     Faith    .   N - +0 plate armour
rPois    .         Spirit   .   (no helmet)
rElec    .         Reflect  .   (no cloak)
rCorr    .         Harm     .   h - +2 pair of gloves
MR       .....                  (no boots)
Stlth    ..........             k - amulet of regeneration
HPRegen  0.62/turn              d - +5 ring of slaying
MPRegen  0.20/turn              D - ring of magical power

@: very slow
A: distributed training, fangs 1, strong nose
a: Bend Time, Temporal Distortion, Renounce Religion


You were in a bailey.
You worshipped Cheibriados.
Cheibriados was most pleased with you.
You were hungry.

You visited 1 branch of the dungeon, and saw 8 of its levels.
You also visited: Bailey.

You collected 465 gold pieces.

Inventory:

Hand Weapons
 g - a +0 war axe (weapon)
 m - a +0 rapier
 v - a +7 club
 I - a cursed +0 bardiche
Missiles
 l - 347 stones
 q - 55 arrows
 t - 32 poisoned darts (quivered)
 w - 2 throwing nets
 K - 65 bolts
 O - 5 silver boomerangs
 P - 3 silver javelins
Armour
 c - a +0 ring mail
 h - a +2 pair of gloves (worn)
 A - a +0 kite shield (worn)
 N - a +0 plate armour (worn)
Magical Staves
 x - an uncursed staff of summoning
Jewellery
 d - a +5 ring of slaying (left hand)
 k - an amulet of regeneration (around neck)
 r - an uncursed amulet of faith
 D - a ring of magical power (right hand)
Wands
 a - a wand of paralysis (11)
 H - a wand of flame (11)
Scrolls
 i - 3 scrolls of fog
 s - a scroll of random uselessness {unknown}
 u - a scroll of amnesia {unknown}
 y - 2 scrolls of teleportation
 E - 3 scrolls of enchant weapon
 F - a scroll of blinking {unknown}
 M - 3 scrolls of remove curse
Potions
 b - 2 potions of cancellation
 e - a potion of might
 n - 2 potions of stabbing
 o - a potion of magic {unknown}
 z - a potion of lignification {unknown}
 B - 3 potions of mutation
 G - 5 potions of curing
Comestibles
 f - 11 rations
 j - 19 chunks of flesh


   Skills:
 + Level 6.7 Fighting
 + Level 5.5 Short Blades
 + Level 4.8 Long Blades
 + Level 6.7 Axes
 + Level 4.8 Maces & Flails
 + Level 4.8 Polearms
 + Level 4.8 Staves
 + Level 4.8 Slings
 + Level 4.8 Bows
 + Level 4.8 Crossbows
 + Level 5.5 Throwing
 + Level 5.5 Armour
 + Level 5.5 Dodging
 + Level 5.4 Stealth
 + Level 4.8 Shields
 + Level 4.8 Unarmed Combat
 + Level 4.8 Spellcasting
 + Level 4.0 Conjurations
 + Level 4.0 Hexes
 + Level 4.0 Charms
 + Level 4.0 Summonings
 + Level 4.0 Necromancy
 + Level 4.0 Translocations
 + Level 4.0 Transmutations
 + Level 4.0 Fire Magic
 + Level 4.0 Ice Magic
 + Level 4.0 Air Magic
 + Level 4.0 Earth Magic
 + Level 4.0 Poison Magic
 + Level 5.3 Invocations
 + Level 5.5 Evocations


You had 18 spell levels left.
You didn't know any spells.
Your spell library was empty.

Dungeon Overview and Level Annotations

Branches:
Dungeon (8/15)             Temple (0/1) D:5          Bailey (1/1)
   Lair: D:8-11

Altars:
Cheibriados
Fedhas
Gozag
Qazlal
Vehumet
Xom
Zin


Innate Abilities, Weirdness & Mutations

Your experience applies equally to all skills.
You have very sharp teeth.
Your uncanny sense of smell can sniff out nearby items.


Message History

The orc knight hits you with a +0 war axe!
* * * LOW HITPOINT WARNING * * *
You block the hobgoblin's attack.
Unknown command.
You hit the orc knight but do no damage.
The orc knight is heavily wounded.
You slash the goblin!
You kill the goblin!
Cheibriados appreciates the change of pace.
You barely miss the hobgoblin. The orc knight barely misses you.
You block the hobgoblin's attack.
You hit the orc knight but do no damage.
You bite the orc knight.
The orc knight is heavily wounded.
Your shield and plate armour prevent you from hitting the hobgoblin.
The orc knight hits you with a +0 war axe!
* * * LOW HITPOINT WARNING * * *
You block the hobgoblin's attack.
The orc knight hits you with a +0 war axe!!
You die...

#.........#
##.........##
#.....⌠...(.
#.........#
#.........#
#.......# #....)..#
#..oog# ####@##
##...).## #.......#
##.......##
∆∆∆∆∆∆∆#.........#
∆∆∆∆∆##.........##
#######.....⌠.....#
##.....##.........##
#.......#.........#


You could see an orc knight, an orc and a hobgoblin.

Vanquished Creatures
  A hippogriff (D:7)
  Sigmund (D:3)
  A water moccasin (D:7)
  2 ice beasts
  2 sky beasts
  3 ogres
  3 orc warriors
  2 phantoms
  6 big kobolds (D:3)
  2 bullfrogs
  A gnoll sergeant (D:7)
  2 scorpions
  3 crimson imps
  4 orc priests (D:4)
  3 jellies
  7 orc wizards
  2 hounds
  Jessica (D:2)
  3 iguanas
  8 worker ants
  A hound skeleton (D:5)
  A worker ant zombie (D:6)
  7 gnolls
  7 adders
  A howler monkey skeleton (D:6)
  An ooze (D:3)
  2 worms
  2 dart slugs
  3 leopard geckos
  21 orcs
  2 ball pythons
  5 bats
  3 giant cockroaches
  21 goblins
  18 hobgoblins
  13 jackals
  5 quokkas
  10 frilled lizards
  A jackal zombie (D:7)
  41 kobolds
  A leopard gecko skeleton (D:7)
  4 rats
227 creatures vanquished.

Notes
Turn   | Place    | Note
-------+----------+-------------------------------------------
     0 | D:1      | tilp the Gnoll Wanderer began the quest for the Orb.
     0 | D:1      | tilp set off with the following items: a +2 dagger, a
                  | scroll of fear, a +0 hand axe, a +0 short sword, a +0 robe,
                  | a ration
     0 | D:1      | Reached XP level 1. HP: 20/20 MP: 2/2
   323 | D:1      | Reached XP level 2. HP: 23/26 MP: 3/3
  1225 | D:2      | Reached XP level 3. HP: 31/31 MP: 4/4
  1632 | D:2      | Reached skill level 1 in Invocations
  1727 | D:2      | Reached skill level 1 in Long Blades
  1727 | D:2      | Reached skill level 1 in Maces & Flails
  1727 | D:2      | Reached skill level 1 in Polearms
  1727 | D:2      | Reached skill level 1 in Staves
  1727 | D:2      | Reached skill level 1 in Slings
  1727 | D:2      | Reached skill level 1 in Bows
  1727 | D:2      | Reached skill level 1 in Crossbows
  1727 | D:2      | Reached skill level 1 in Shields
  1727 | D:2      | Reached skill level 1 in Unarmed Combat
  1727 | D:2      | Reached skill level 1 in Spellcasting
  1753 | D:2      | Noticed Jessica
  1763 | D:2      | Killed Jessica
  1763 | D:2      | Reached XP level 4. HP: 38/38 MP: 6/6
  1943 | D:2      | Reached skill level 1 in Conjurations
  1943 | D:2      | Reached skill level 1 in Hexes
  1943 | D:2      | Reached skill level 1 in Charms
  1943 | D:2      | Reached skill level 1 in Summonings
  1943 | D:2      | Reached skill level 1 in Necromancy
  1943 | D:2      | Reached skill level 1 in Translocations
  1943 | D:2      | Reached skill level 1 in Transmutations
  1943 | D:2      | Reached skill level 1 in Fire Magic
  1943 | D:2      | Reached skill level 1 in Ice Magic
  1943 | D:2      | Reached skill level 1 in Air Magic
  1943 | D:2      | Reached skill level 1 in Earth Magic
  1943 | D:2      | Reached skill level 1 in Poison Magic
  2545 | D:3      | Reached XP level 5. HP: 43/43 MP: 7/7
  2614 | D:3      | Noticed Sigmund
  2825 | D:3      | Killed Sigmund
  2825 | D:3      | Reached skill level 5 in Fighting
  2825 | D:3      | Reached skill level 5 in Axes
  2825 | D:3      | Reached XP level 6. HP: 44/51 MP: 9/9
  3099 | D:3      | Reached XP level 7. HP: 37/56 MP: 10/10
  3741 | D:4      | Reached XP level 8. HP: 63/63 MP: 12/12
  4143 | D:4      | Found a snail-covered altar of Cheibriados.
  4182 | D:4      | Became a worshipper of Cheibriados the Contemplative
  4211 | D:4      | Found a radiant altar of Vehumet.
  4316 | D:4      | Found an opulent altar of Gozag.
  4573 | D:5      | Entered Level 5 of the Dungeon
  4647 | D:5      | Found a stormy altar of Qazlal.
  4717 | D:5      | Reached XP level 9. HP: 48/69 MP: 14/14
  4769 | D:5      | Reached * piety under Cheibriados
  4865 | D:5      | Found a staircase to the Ecumenical Temple.
  5443 | D:5      | Found a glowing silver altar of Zin.
  5725 | D:6      | Found a shimmering altar of Xom.
  6237 | D:6      | Found a shimmering altar of Xom.
  6515 | D:7      | Reached skill level 5 in Short Blades
  6515 | D:7      | Reached skill level 5 in Throwing
  6515 | D:7      | Reached skill level 5 in Armour
  6515 | D:7      | Reached skill level 5 in Dodging
  6515 | D:7      | Reached skill level 5 in Evocations
  6623 | D:7      | Reached skill level 5 in Stealth
  6718 | D:7      | Reached ** piety under Cheibriados
  6911 | D:7      | Found a blossoming altar of Fedhas.
  6954 | D:7      | Reached skill level 5 in Invocations
  7502 | D:8      | Reached XP level 10. HP: 75/77 MP: 17/17
  7530 | D:8      | Found a flagged portal.
  7536 | Bailey   | Entered a bailey
  7557 | Bailey   | Reached *** piety under Cheibriados
  7624 | Bailey   | Noticed an orc knight
  7637 | Bailey   | Mangled by an orc knight

Levels and vault maps discovered:
D:1:      shiori_arrival_maze, layout_basic, patterned_corridor
D:2:      layout_basic, grunt_ministairs_7, minmay_pentomino_r2, uniq_jessica
D:3:      minmay_goblin_kobold_castle, layout_rooms, minmay_unequal,
          uniq_sigmund
D:4:      layout_rooms, nicolae_gozag_seed_capital, cheibriados_altar_1,
          vehumet_altar_wand_db
D:5:      layout_loops_ring, grunt_qazlal_sundering, marbit_many_paths,
          minmay_temple_entry_trees, first_ration, kennysheep_windowed_goal
D:6:      layout_cave_pods, basic_altar, minmay_misc_feat_columns,
          brannock_xom_greatest_gift
D:7:      layout_loops_corners, basic_altar, grunt_decor_arrowhead,
          nrook_pool_corridor
D:8:      layout_loops_cross, enter_bailey_2, special_room [special_room_orc],
          uniq_psyche, uniq_maurice, uniq_gastronok
Bailey:   bailey_axe_minmay_hex_keep, bailey

Skill      XL: |  1  2  3  4  5  6  7  8  9 10 |
---------------+-------------------------------+-----
Invocations    | 1 2 3 4 5 |  5.3
Long Blades    | 1 2 3 4 |  4.8
Maces & Flails | 1 2 3 4 |  4.8
Polearms       | 1 2 3 4 |  4.8
Staves         | 1 2 3 4 |  4.8
Slings         | 1 2 3 4 |  4.8
Bows           | 1 2 3 4 |  4.8
Crossbows      | 1 2 3 4 |  4.8
Shields        | 1 2 3 4 |  4.8
Unarmed Combat | 1 2 3 4 |  4.8
Spellcasting   | 1 2 3 4 |  4.8
Conjurations   | 1 2 3 4 |  4.0
Hexes          | 1 2 3 4 |  4.0
Charms         | 1 2 3 4 |  4.0
Summonings     | 1 2 3 4 |  4.0
Necromancy     | 1 2 3 4 |  4.0
Translocations | 1 2 3 4 |  4.0
Transmutations | 1 2 3 4 |  4.0
Fire Magic     | 1 2 3 4 |  4.0
Ice Magic      | 1 2 3 4 |  4.0
Air Magic      | 1 2 3 4 |  4.0
Earth Magic    | 1 2 3 4 |  4.0
Poison Magic   | 1 2 3 4 |  4.0
Short Blades   | 3 4 5 |  5.5
Throwing       | 3 4 5 |  5.5
Armour         | 3 4 5 |  5.5
Dodging        | 3 4 5 |  5.5
Evocations     | 3 4 5 |  5.5
Fighting       | 5 6 |  6.7
Axes           | 5 6 |  6.7
Stealth        | 3 4 5 |  5.4

Action                   |  1- 3 |  4- 6 |  7- 9 | 10-12 || total
-------------------------+-------+-------+-------+-------++-------
Melee: Dagger            |   121 |     9 |       |       ||   130
       Bite              |    11 |     8 |    44 |     3 ||    66
       Club              |       |   113 |   206 |       ||   319
       Punch             |       |       |     3 |       ||     3
       War axe           |       |       |   129 |    45 ||   174
Throw: Stone             |    10 |       |       |       ||    10
       Dart              |     3 |    36 |    57 |     1 ||    97
  Use: Scroll            |     1 |     2 |    14 |       ||    17
       Potion            |     2 |       |       |       ||     2
 Stab: Sleeping          |     3 |     3 |     1 |       ||     7
  Eat: Chunk             |     3 |     4 |    10 |       ||    17
Armor: Robe              |    11 |       |       |       ||    11
       Leather armour    |     6 |    43 |    24 |       ||    73
       Chain mail        |       |       |    54 |       ||    54
       Ring mail         |       |       |     7 |       ||     7
       Plate armour      |       |       |    57 |    11 ||    68
Dodge: Dodged            |    57 |    91 |   172 |    12 ||   332
Block: Kite shield       |       |       |     9 |    19 ||    28

Table legend:
 A = Non-vault XP
 B = Vault XP
 C = Vault XP percentage of total XP
 D = Non-vault monster count
 E = Vault monster count
 F = Vault count percentage of total count
                 A         B        C        D         E       F
            +---------+---------+-------+---------+---------+-------
      Total |    3735 |    1206 |  24.4 |     142 |      85 |  37.4
            +---------+---------+-------+---------+---------+-------
        D:1 |      25 |       3 |  10.7 |      14 |       2 |  12.5
        D:2 |      53 |      60 |  53.1 |      22 |       5 |  18.5
        D:3 |     129 |     904 |  87.5 |      26 |      51 |  66.2
        D:4 |     755 |       1 |   0.1 |      23 |       1 |   4.2
        D:5 |     662 |      40 |   5.7 |      12 |       2 |  14.3
        D:6 |     653 |       0 |   0.0 |      13 |       0 |   0.0
        D:7 |    1271 |       0 |   0.0 |      27 |       0 |   0.0
        D:8 |     187 |       0 |   0.0 |       5 |       0 |   0.0
     Bailey |       0 |     198 | 100.0 |       0 |      24 | 100.0
            +---------+---------+-------+---------+---------+-------
